 Dungeon Crawl Stone Soup version 0.29-a0-219-g0a02b1cf4f (webtiles) character file.

Game seed: 10746827363502305435

7 shoop the Vexing (level 1, -2/12 HPs)
             Began as a Deep Elf Arcane Marksman on Feb 26, 2022.
             Slain by a quokka (4 damage)
             ... on level 1 of the Dungeon.
             The game lasted 00:00:26 (143 turns).

shoop the Vexing (Deep Elf Arcane Marksman)          Turns: 143, Time: 00:00:28

Health: -2/12      AC:  2    Str:  7    XL:     1   Next: 91%
Magic:  5/5        EV: 12    Int: 17    God:
Gold:   11         SH:  0    Dex: 15    Spells: 2/3 levels left

rFire   . . .      SeeInvis .   a - +0 shortbow
rCold   . . .      Faith    .   (shield currently unavailable)
rNeg    . . .      Spirit   .   b - +0 robe
rPois   .          Reflect  .   (no helmet)
rElec   .          Harm     .   (no cloak)
rCorr   .          Rampage  .   (no gloves)
Will    .....                   (no boots)
Stlth   +.........              (no amulet)
HPRegen 0.04/turn               (no ring)
MPRegen 0.09/turn               (no ring)

@: no status effects
A: no striking features
a: no special abilities


You were on level 1 of the Dungeon.
You visited 1 branch of the dungeon, and saw 1 of its levels.

You collected 11 gold pieces.

Inventory:

Hand Weapons
 a - a +0 shortbow (weapon)
Armour
 b - a +0 robe (worn)


   Skills:
 - Level 1.0 Fighting
 + Level 2.9 Bows
 + Level 2.6 Dodging
 + Level 1.8 Spellcasting
 + Level 4.1 Hexes


You had 2 spell levels left.
You knew the following spells:

 Your Spells              Type           Power      Damage    Failure   Level
a - Slow                  Hex            60%        N/A       3%          1

Your spell library contained the following spells:

 Spells                   Type           Power      Damage    Failure   Level
 Inner Flame              Hex/Fire       8%         N/A       26%         3
 Portal Projectile        Hex/Tloc       16%        N/A       26%         3
 Cause Fear               Hex            7%         N/A       34%         4


Dungeon Overview and Level Annotations

Branches:
Dungeon (1/15)

Altars:


Message History

The quokka is lightly wounded.
The quokka misses you.
You shoot an arrow. The arrow hits the quokka.
The quokka is heavily wounded.
The quokka bites you. x2
You are too injured to fight recklessly!
You are too injured to fight recklessly!
You are too injured to fight recklessly!
You are too injured to fight recklessly!
Shoot: a) +0 shortbow
Press: ? - help, Shift-Dir - straight line, f/p - quokka
Aim: a quokka (heavily wounded, 48% to hit)
You shoot an arrow. The arrow hits the quokka.
The quokka is almost dead.
A bat comes into view.
The quokka bites you but does no damage. x2
The bat moves out of view.
Shoot: a) +0 shortbow
Press: ? - help, Shift-Dir - straight line, f/p - quokka
Aim: a quokka (almost dead, 48% to hit)
You shoot an arrow.
The arrow hits the quokka but does no damage.
The quokka is almost dead.
The quokka closely misses you.
Shoot: a) +0 shortbow
Press: ? - help, Shift-Dir - straight line, f/p - quokka
Aim: a quokka (almost dead, 48% to hit)
You shoot an arrow. The arrow closely misses the quokka.
The quokka closely misses you. The quokka bites you.
* * * LOW HITPOINT WARNING * * *
Unknown command.
Unknown command.
Unknown command.
Shoot: a) +0 shortbow
Press: ? - help, Shift-Dir - straight line, f/p - quokka
Aim: a quokka (almost dead, 48% to hit)
You shoot an arrow. The arrow barely misses the quokka.
The quokka bites you but does no damage.
The quokka bites you.
You die...

..............#
...............#
.........##....#
.........##....#
...............#
.........###...#
#.......#####..#
#.....#......##
..#.##@.######
#......r##
###....)#
#...... #.###..
#.. #... #. #...
. #....


You could see a quokka.

Vanquished Creatures
  A dart slug (D:1)
  A ball python (D:1)
  A goblin (D:1)
  A quokka (D:1)
  A rat (D:1)
5 creatures vanquished.

Notes
Turn   | Place    | Note
-------+----------+-------------------------------------------
     0 | D:1      | shoop the Deep Elf Arcane Marksman began the quest for the
                  | Orb.
     0 | D:1      | Reached XP level 1. HP: 11/11 MP: 5/5
   123 | D:1      | Reached skill level 1 in Fighting
   143 | D:1      | Slain by a quokka

Illustrated notes

Levels and vault maps discovered:
D:1:      elethiomel_arrival_maze, layout_rooms, minmay_splitting_lines,
          chequers_serial_rivers_micro_e

Skill      XL: |  1 |
---------------+----+-----
Fighting       | 1 |  1.0
Bows           | |  2.9
Dodging        | |  2.6
Spellcasting   | |  1.8
Hexes          | |  4.1

Action                   || total
-------------------------++-------
 Fire: Shortbow          ||    18
Armor: Robe              ||     4
Dodge: Dodged            ||     6

Table legend: (Time is in decaauts)
 A = Elapsed time spent in this place.
 B = Non-inter-level travel time spent in this place.
 C = Inter-level travel time spent in this place.
 D = Time resting spent in this place.
 E = Time spent auto-exploring this place.
 F = Levels seen in this place.
 G = Mean time per level.
                   A        B        C        D        E       F      G
               +--------+--------+--------+--------+--------+-----+--------+
         Total |    149 |    149 |      0 |      0 |    121 |   1 |  149.0 |
       Dungeon |    149 |    149 |      0 |      0 |    121 |   1 |  149.0 |
               +--------+--------+--------+--------+--------+-----+--------+

Top non-repeatable levels by time:
     D:1: 149 daAuts
